 Dungeon Crawl Stone Soup version 0.22-a0-181-gb22368a (webtiles) character file.

377 mhoghedin the Skirmisher (level 6, 0/61 HPs)
             Began as a Centaur Chaos Knight on Feb 14, 2018.
             Slain by a hound (3 damage)
             ... on level 4 of the Dungeon.
             The game lasted 00:07:23 (3246 turns).

mhoghedin the Skirmisher (Centaur Chaos Knight)     Turns: 3246, Time: 00:07:24

Health: 0/61       AC:  6    Str: 21    XL:     6   Next: 45%
Magic:  6/6        EV:  9    Int: 11    God:    Xom [...*..]
Gold:   77         SH:  0    Dex: 11    Spells: 5/5 levels left

rFire    . . .     SeeInvis .   a - +0 spear (chaos)
rCold    . . .     Gourm    .   (no shield)
rNeg     . . .     Faith    .   b - +2 leather armour
rPois    .         Spirit   .   l - +0 hat "Kist" {+Fly}
rElec    .         Reflect  .   (no cloak)
rCorr    +         Harm     .   (no gloves)
MR       .....                  (no barding)
Stlth    +.........             (no amulet)
HPRegen  0.20/turn              k - ring of resist corrosion
MPRegen  0.10/turn              (no ring)

@: mighty, very quick
A: large, hooves 3, agile 1, deformed body, speed 2, robust 1, tough skin 3
a: Renounce Religion, Evoke Flight


You were on level 4 of the Dungeon.
You worshipped Xom.
You were a favourite toy of Xom.
You were not hungry.

You visited 1 branch of the dungeon, and saw 4 of its levels.

You collected 77 gold pieces.

Inventory:

Hand Weapons
 a - a +0 spear of chaos (weapon)
Armour
 b - a +2 leather armour (worn)
 l - the +0 hat "Kist" (worn) {+Fly}
   (Xom gifted it to you on level 3 of the Dungeon)

   It lets you fly.
Jewellery
 k - a ring of resist corrosion (left hand)
   (You found it on level 3 of the Dungeon)
Scrolls
 d - 2 scrolls of remove curse
 h - a scroll of amnesia {unknown}
Books
 e - a book of Clouds
   (You found it on level 4 of the Dungeon)
 j - a book of Changes
   (You found it on level 3 of the Dungeon)
Comestibles
 c - 5 rations
 g - 5 chunks of flesh {@w0}


   Skills:
 + Level 5.5 Fighting
 + Level 5.1 Polearms
 - Level 1.3 Armour
 - Level 0.6 Dodging


You had 5 spell levels left.
You didn't know any spells.

Dungeon Overview and Level Annotations

Branches:
Dungeon (4/15)
 Temple: D:4-7

Altars:
Cheibriados
Kikubaaqudgha
Nemelex Xobeh
Sif Muna
Vehumet


Innate Abilities, Weirdness & Mutations

You have hooves in place of feet.
Armour fits poorly on your strangely shaped body.
You cover ground very quickly.
You have extremely tough skin. (AC +3)
You are agile. (Dex +2)
You are robust. (+10% HP)


Message History

You see here an adder corpse.
You butcher the adder corpse.
You feel sick.
g - 4 chunks of flesh {@w0} (gained 2)
You see here an adder skeleton.
You take 1 damage, and have 23/61 hp.
You feel sick. 3 gnolls come into view.
The gnoll shouts! x3; You hear a shout!
You hear a bark! x2
The gnoll hits you but does no damage.
A gnoll comes into view. It is wielding a spear.
There are monsters nearby!
Attack whom?
Aim: a gnoll, wielding a spear You reach to attack!
You hit the gnoll but do no damage.
You feel sick.
The gnoll hits you from afar with a spear!
* * * LOW HITPOINT WARNING * * *
A jackal comes into view.
You take 8 damage, and have 15/61 hp.
As you read the scroll of teleportation, it crumbles to dust.
You feel strangely unstable.
You feel sick.
You are no longer poisoned.
You take 1 damage, and have 14/61 hp.
Your surroundings suddenly seem different.
You hear the slow hiss of a very distant avalanche of sand.
A worker ant comes into view.
Xom guffaws.
You begin to radiate toxic energy.
You are now a favourite toy of Xom.
Attack whom?
Aim: a worker ant You barely miss the worker ant.
The worker ant is poisoned.
The worker ant bites you but does no damage.
Attack whom?
Aim: a worker ant (lightly wounded, poisoned)
You hit the worker ant. Your kick misses the worker ant.
The worker ant looks even sicker.
The worker ant bites you but does no damage.
Attack whom?
Aim: a worker ant (moderately wounded, poisoned)
You hit the worker ant but do no damage.
Your kick misses the worker ant.
The worker ant looks even sicker.
The worker ant bites you.
* * * LOW HITPOINT WARNING * * *
You take 3 damage, and have 17/61 hp.
Attack whom?
Aim: a worker ant (heavily wounded, poisoned)
You barely miss the worker ant.
Your toxic aura wanes.
The worker ant bites you.
* * * LOW HITPOINT WARNING * * *
You take 3 damage, and have 14/61 hp.
Attack whom?
Aim: a worker ant (almost dead, poisoned)
You hit the worker ant.
You kill the worker ant!
Items here: )))) [[[ † You butcher the orc corpse.
g - 5 chunks of flesh {@w0} (gained 1)
Items here: )))) [[[ ÷ You start resting.
A hound comes into view.
You regained 3 hp, and now have 18/61 hp.
Unknown command.
The hound barks!
Attack whom?
That would be overly suicidal.
Okay, then.
Unknown command.
Attack whom?
Aim: a hound You reach to attack!
You hit the hound.
You burn the hound. "Hum-dee-hum-dee-hum..."
The hound suddenly seems more resistant.
Attack whom?
Aim: a hound (lightly wounded, unusually resistant)
You closely miss the hound. The hound bites you but does no damage.
The hound bites you.
* * * LOW HITPOINT WARNING * * *
You take 5 damage, and have 14/61 hp.
Attack whom?
Aim: a hound (lightly wounded, unusually resistant)
You miss the hound. Your kick misses the hound. The hound bites you.
* * * LOW HITPOINT WARNING * * *
You take 5 damage, and have 9/61 hp.
Attack whom?
Aim: a hound (lightly wounded, unusually resistant)
You barely miss the hound. Your kick misses the hound. The hound bites you.
* * * LOW HITPOINT WARNING * * *
You take 4 damage, and have 5/61 hp.
You feel very mighty all of a sudden. The hound bites you.
* * * LOW HITPOINT WARNING * * *
The hound bites you.
* * * LOW HITPOINT WARNING * * *
You take 2 damage, and have 3/61 hp.
You miss the hound. Your kick misses the hound.
The hound bites you but does no damage.
You closely miss the hound. Your kick misses the hound. The hound bites you.
You die...

.....................
#####>.##...........
#..##..##...###.
#............... a
#.###..##...###.
###.###(.###.## #.
#............####.
#)####............ l
#@#####..########.
#h#......# #. a
#......#.###..# #.
......... ..[.. #.
#.......#####..#. #.
#.......# #....# #.
......... ..#. # #.
....$...# ###.. #.
........# ## #.


You could see a hound.

Vanquished Creatures
  A phantom (D:4)
  2 orc priests (D:3)
  A worker ant (D:4)
  2 orc wizards
  A howler monkey zombie (D:4)
  4 adders
  2 oozes (D:1)
  An adder skeleton (D:3)
  4 worms (D:2)
  3 dart slugs
  2 leopard geckos
  12 orcs
  A ball python (D:2)
  2 giant cockroaches
  5 goblins
  A hobgoblin (D:3)
  5 jackals
  7 bats
  2 frilled lizards (D:4)
  4 kobolds
  4 rats
66 creatures vanquished.

Vanquished Creatures (collateral kills)
  An adder (D:2)
1 creature vanquished.

Grand Total: 67 creatures vanquished

Notes
Turn   | Place    | Note
-------+----------+-------------------------------------------
     0 | D:1      | mhoghedin the Centaur Chaos Knight began the quest for the Orb.
     0 | D:1      | Reached XP level 1. HP: 19/19 MP: 1/1
    37 | D:1      | Reached skill level 3 in Polearms
    60 | D:1      | Reached XP level 2. HP: 22/26 MP: 2/2
   306 | D:2      | XOM: 2-stop teleportation journey
   517 | D:2      | HP: 5/26 [adder (2)]
   623 | D:2      | XOM: give mutations
   623 | D:2      | Gained mutation: You are agile. (Dex +2) [Xom's grace]
   623 | D:2      | Gained mutation: You are robust. (+10% HP) [Xom's grace]
   635 | D:2      | XOM: enchant monster (good)
   638 | D:2      | Reached XP level 3. HP: 15/36 MP: 3/3
   972 | D:2      | XOM: medium Fire miscast
   972 | D:2      | HP: 4/36 [something (32)]
  1415 | D:2      | XOM: severe Ice miscast
  1415 | D:2      | HP: 4/36 [something (32)]
  1416 | D:2      | XOM: cleaving
  1781 | D:2      | Found a radiant altar of Vehumet.
  1788 | D:2      | Found an ancient bone altar of Kikubaaqudgha.
  1868 | D:3      | XOM: harmless Hex miscast
  1881 | D:3      | Reached skill level 4 in Fighting
  1881 | D:3      | Reached XP level 4. HP: 42/44 MP: 4/4
  1961 | D:3      | HP: 11/44 [orc/mace (3)]
  2218 | D:3      | Reached skill level 4 in Polearms
  2392 | D:3      | Reached XP level 5. HP: 50/51 MP: 5/5
  2411 | D:3      | Found a snail-covered altar of Cheibriados.
  2575 | D:3      | XOM: cloud trail
  2636 | D:3      | XOM: god gift: bloodstained hat {god gift}
  2637 | D:3      | Got a bloodstained hat {god gift}
  2643 | D:3      | Identified the +0 hat "Kist" {+Fly} (Xom gifted it to you on level 3 of the Dungeon)
  2862 | D:3      | Found a sparkling altar of Nemelex Xobeh.
  2989 | D:3      | Found a deep blue altar of Sif Muna.
  3022 | D:4      | Noticed a phantom
  3046 | D:4      | XOM: divination: detect creatures
  3048 | D:4      | XOM: mild Fire miscast
  3052 | D:4      | Reached skill level 5 in Fighting
  3063 | D:4      | HP: 19/78 [something (2)]
  3069 | D:4      | Killed a phantom
  3069 | D:4      | Reached skill level 5 in Polearms
  3069 | D:4      | Reached XP level 6. HP: 18/61 MP: 6/6
  3162 | D:4      | HP: 15/61 [gnoll/spear (8)]
  3167 | D:4      | HP: 14/61 [poisoned by an adder]
  3208 | D:4      | XOM: cast spell 'Olgreb's Toxic Radiance'
  3212 | D:4      | HP: 14/61 [worker ant (3)]
  3239 | D:4      | XOM: enchant monster (bad)
  3240 | D:4      | HP: 14/61 [hound (5)]
  3243 | D:4      | HP: 5/61 [hound (4)]
  3246 | D:4      | Slain by a hound

Vault maps used:
D:1:      erik_arrival_gehennom, st_stairs_6, minmay_octomino_j4
D:2:      amethyst_overflow_temple_binary, kennysheep_generic_room_9
D:3:      cheibrodos_helix_gallery, led_sif_pool, old_standard_altar,
          first_ration, nemelex_lonely_heart_becter
D:4:      kennysheep_little_box, enter_ossuary_1

Skill      XL: |  1  2  3  4  5 |
---------------+----------------+-----
Polearms       | 3 4 5 |  5.1
Fighting       | 4 5 |  5.5
Armour         | |  1.3
Dodging        | |  0.6

Action                   |  1- 3 |  4- 6 || total
-------------------------+-------+-------++-------
Melee: Spear             |    86 |   161 ||   247
       Kick              |    18 |    23 ||    41
  Use: Potion            |     1 |     3 ||     4
       Scroll            |       |     5 ||     5
 Stab: Distracted        |     1 |       ||     1
       Paralysed         |     7 |       ||     7
  Eat: Chunk             |     2 |     4 ||     6
Armor: Leather armour    |    19 |    45 ||    64
Dodge: Dodged            |    20 |    35 ||    55

Table legend:
 A = Spawn XP
 B = Non-spawn XP
 C = Spawn XP percentage of total XP
 D = Spawn monster count
 E = Non-spawn monster count
 F = Spawn count percentage of total count
 G = Total turns spent on level
                    A         B        C        D         E        F      G
               +---------+---------+-------+---------+---------+-------+---------
         Total |       0 |     539 |   0.0 |       0 |      67 |   0.0 |  3246
               +---------+---------+-------+---------+---------+-------+---------
           D:1 |       0 |      18 |   0.0 |       0 |       5 |   0.0 |   154
           D:2 |       0 |      57 |   0.0 |       0 |      13 |   0.0 |  1700
           D:3 |       0 |     205 |   0.0 |       0 |      33 |   0.0 |  1158
           D:4 |       0 |     259 |   0.0 |       0 |      16 |   0.0 |   234
               +---------+---------+-------+---------+---------+-------+---------

Vault maps used:
D:1:      erik_arrival_gehennom, st_stairs_6, minmay_octomino_j4
D:2:      amethyst_overflow_temple_binary, kennysheep_generic_room_9
D:3:      cheibrodos_helix_gallery, led_sif_pool, old_standard_altar,
          first_ration, nemelex_lonely_heart_becter
D:4:      kennysheep_little_box, enter_ossuary_1

Table legend:
 A = Turns spent in this place as a percentage of turns spent in the entire game.
 B = Non-inter-level travel turns spent in this place as a percentage of non-inter-level travel turns spent in the entire game.
 C = Inter-level travel turns spent in this place as a percentage of turns spent in this place.
 D = Turns resting spent in this place as a percentage of non-inter-level travel turns spent in this place.
 E = Turns spent auto-exploring this place as a percentage of non-inter-level travel turns spent in this place.
 F = Non-inter-level travel turns spent in this place divided by the number of levels of this place that you've seen.
                   A       B       C       D       E      F
               +-------+-------+-------+-------+-------+----------------------
         Total | 100.0 | 100.0 |   2.5 |  34.2 |  47.0 | 791.0
       Dungeon | 100.0 | 100.0 |   2.5 |  34.2 |  47.0 | 791.0
               +-------+-------+-------+-------+-------+----------------------

Table legend:
 A = Kills in this place as a percentage of kills in entire the game.
 B = Kills by you in this place as a percentage of kills by you in the entire game.
 C = Kills by friends in this place as a percentage of kills by friends in the entire game.
 D = Other kills in this place as a percentage of other kills in the entire game.
 E = Experience gained in this place as a percentage of experience gained in the entire game.
 F = Experience gained in this place divided by the number of levels of this place that you have seen.
                   A       B       C       D       E      F
               +-------+-------+-------+-------+-------+----------------------
         Total | 100.0 | 100.0 | 100.0 |   N/A | 100.0 | 134.8
       Dungeon | 100.0 | 100.0 | 100.0 |   N/A | 100.0 | 134.8
               +-------+-------+-------+-------+-------+----------------------
